 Dungeon Crawl Stone Soup version 0.21.1-1-g345015fe64 (webtiles) character file.

2200 Jannitor the Quickloader (level 9, -11/62 HPs)
             Began as a Halfling Hunter on June 25, 2018.
             Was a Priest of Okawaru.
             Mangled by a manticore (17 damage)
             ... on level 7 of the Dungeon.
             The game lasted 00:09:52 (6275 turns).

Jannitor the Quickloader (Halfling Hunter)          Turns: 6275, Time: 00:09:53

Health: -11/62     AC:  7    Str: 15    XL:     9   Next: 60%
Magic:  8/9        EV: 25    Int:  9    God:    Okawaru [***...]
Gold:   152        SH:  5    Dex: 21    Spells: 8/8 levels left

rFire    + . .     SeeInvis .   a - +1 hand crossbow
rCold    . . .     Gourm    .   (shield restricted)
rNeg     . . .     Faith    .   y - +3 leather armour {rF+}
rPois    .         Spirit   .   (no helmet)
rElec    .         Reflect  +   (no cloak)
rCorr    .         Harm     .   u - +0 pair of gloves
MR       .....                  (no boots)
Stlth    +++++.....             l - +5 amulet of reflection
HPRegen  0.20/turn              (no ring)
MPRegen  0.11/turn              (no ring)

@: agile
A: small, mutation resistance 1
a: Heroism, Renounce Religion


You were on level 7 of the Dungeon.
You worshipped Okawaru.
Okawaru was most pleased with you.
You were very hungry.

You visited 2 branches of the dungeon, and saw 8 of its levels.

You collected 459 gold pieces.
You spent 307 gold pieces at shops.

Inventory:

Hand Weapons
 a - a +1 hand crossbow (weapon)
 b - a +0 short sword
Missiles
 d - 22 bolts (quivered)
Armour
 c - a +0 leather armour
 u - a +0 pair of gloves (worn)
 y - a +3 leather armour of fire resistance (worn)
Jewellery
 l - a +5 amulet of reflection (around neck)
 o - an uncursed amulet of the gourmand
Wands
 n - a wand of random effects (14)
 q - a wand of polymorph (34)
 w - a wand of paralysis (4)
 A - a wand of iceblast (8)
Scrolls
 e - 5 scrolls of identify
 g - 4 scrolls of teleportation
 h - 2 scrolls of blinking
 j - 2 scrolls of remove curse
 m - a scroll of amnesia
 p - a scroll of immolation
Potions
 i - 3 potions of curing
 k - 2 potions of degeneration
 s - a potion of agility
 t - a potion of might
 v - 2 potions of mutation
 x - 2 potions of flight
Comestibles
 f - 11 rations


   Skills:
 + Level 5.8 Fighting
 + Level 8.0 Crossbows
 + Level 6.9 Dodging
 + Level 7.2 Stealth


You had 8 spell levels left.
You didn't know any spells.

Dungeon Overview and Level Annotations

Branches:
Dungeon (7/15)             Temple (1/1) D:4

Altars:
Ashenzari
Cheibriados
Dithmenos
Elyvilon
Fedhas
Gozag
Kikubaaqudgha
Makhleb
Nemelex Xobeh
Okawaru
Qazlal
Sif Muna
Trog
Uskayaw
Wu Jian
Xom
Yredelemnul
Zin
The Shining One

Shops:
D:4 *   D:6 [

Annotations:
D:3 nawrastar's ghost, amateur MiBe
D:6 exclusion: door


Innate Abilities, Weirdness & Mutations

You are small and have problems with some larger weapons.
You are somewhat resistant to further mutation.


Message History

Press: ? - help, Shift-Dir - straight line, f/p - manticore
Aim: a manticore (lightly wounded)
You shoot a bolt.
The bolt hits the manticore but does no damage.
The manticore is lightly wounded.
The manticore closely misses you. The manticore completely misses you.
The manticore misses you.
Firing (i - inventory):
d - 23 bolts (quivered)
Press: ? - help, Shift-Dir - straight line, f/p - manticore
Aim: a manticore (lightly wounded)
You shoot a bolt. The bolt barely misses the manticore.
The bolt hits the quokka.
The quokka is almost dead.
The manticore bites you!!
* * * LOW HITPOINT WARNING * * *
The manticore claws you but does no damage.
The manticore claws you!
* * * LOW HITPOINT WARNING * * *
The manticore bites you!
You die...

********,,,**###...#**#.#....#.#
,,*,,,,,,,,,*,.###...##.#.#..#.##
,,,,*******,*,...###......#..#.##
*,,,*,,,,,*,#,*#...###...##..#.##
*,,,*,***,*,#.##.#...###........#
*,*,*,+,*,+,#......#...'##...#..#
*,*,*,***,#.,,*#.#...###.........
,,*,*,,,,,#((.##...###[...##.####
,**,******#(.(rH@###)[.#.........
,,*,,,,,,...#..###..)####.##.####
****,,,*****####...##.....##.#
,**,,,,,,,,,##.).####.....##.#
,,******,**,#...#####.....##.#
,,**,,,,,*,##.............##.#
,,,*,,,,**,#............#.##.#
,,,**,,,*,##............#.##.#
*,,,*,,**,#..#..........#.##.####


You could see a manticore and a quokka.

Vanquished Creatures
  Pikel (D:7)
  A wyvern (D:7)
  An orc warrior (D:7)
  2 slaves (D:7)
  A sky beast (D:4)
  2 ogres (D:4)
  An ice beast (D:7)
  A bullfrog (D:7)
  A gnoll sergeant (D:7)
  4 wights (D:7)
  A crimson imp (D:5)
  An orc priest (D:4)
  A jelly (D:6)
  A centaur skeleton (D:7)
  3 hounds
  2 orc wizards (D:4)
  An iguana (D:5)
  Ijyb (D:4)
  9 worker ants
  A worker ant zombie (D:5)
  12 gnolls
  11 adders
  An ooze (D:6)
  An adder skeleton (D:7)
  An adder zombie (D:5)
  2 dart slugs
  3 leopard geckos
  9 orcs
  A ball python (D:4)
  4 giant cockroaches
  13 goblins
  3 hobgoblins
  7 jackals
  7 kobolds
  3 quokkas
  3 bats
  6 frilled lizards
  A jackal skeleton (D:4)
  A leopard gecko skeleton (D:5)
  A leopard gecko zombie (D:7)
  2 quokka skeletons (D:4)
  6 rats
134 creatures vanquished.

Vanquished Creatures (others)
  A bullfrog (D:7)
  A worm (D:3)
  5 toadstools (D:1)
7 creatures vanquished.

Grand Total: 141 creatures vanquished

Notes
Turn   | Place    | Note
-------+----------+-------------------------------------------
     0 | D:1      | Jannitor the Halfling Hunter began the quest for the Orb.
     0 | D:1      | Reached XP level 1. HP: 14/14 MP: 1/1
    26 | D:1      | Reached XP level 2. HP: 19/19 MP: 2/2
    72 | D:1      | Reached XP level 3. HP: 22/24 MP: 3/3
   817 | D:2      | Reached XP level 4. HP: 15/30 MP: 4/4
  1236 | D:2      | Found a shattered altar of Ashenzari.
  1886 | D:3      | Reached skill level 5 in Crossbows
  1886 | D:3      | Reached XP level 5. HP: 35/35 MP: 5/5
  1942 | D:3      | Noticed nawrastar's ghost (amateur MiBe)
  2246 | D:3      | Found a glowing silver altar of Zin.
  2246 | D:3      | Noticed an angel
  2248 | D:3      | Found a shimmering altar of Xom.
  2284 | D:4      | Found a white marble altar of Elyvilon.
  2312 | D:4      | Noticed an ogre
  2317 | D:4      | Killed an ogre
  2317 | D:4      | Reached XP level 6. HP: 42/42 MP: 6/6
  2355 | D:4      | Found Ipotuetu's General Store.
  2364 | D:4      | Bought 21 bolts for 46 gold pieces
  2364 | D:4      | Bought a scroll of teleportation for 33 gold pieces
  2380 | D:4      | Found a staircase to the Ecumenical Temple.
  2386 | Temple   | Entered the Ecumenical Temple
  2515 | Temple   | Became a worshipper of Warmaster Okawaru
  2678 | D:4      | Noticed a sky beast
  2728 | D:4      | Killed a sky beast
  2991 | D:4      | Reached XP level 7. HP: 44/46 MP: 7/7
  3044 | D:4      | Noticed a dagger
  3046 | D:4      | Noticed a dagger
  3049 | D:4      | Found a hide-covered altar of Uskayaw.
  3088 | D:4      | Reached * piety under Okawaru
  3090 | D:4      | Reached skill level 6 in Crossbows
  3340 | D:4      | Noticed Ijyb
  3370 | D:4      | Killed Ijyb
  3435 | D:5      | Entered Level 5 of the Dungeon
  3447 | D:5      | Reached XP level 8. HP: 54/54 MP: 8/8
  3755 | D:5      | Reached skill level 5 in Dodging
  4044 | D:5      | Reached skill level 5 in Stealth
  4487 | D:6      | Found an opulent altar of Gozag.
  4582 | D:6      | Found Wanoaz's Armour Shop.
  4606 | D:6      | Bought a +2 leather armour of fire resistance for 228 gold pieces
  4632 | D:6      | Found a blossoming altar of Fedhas.
  4677 | D:6      | Found a basalt altar of Yredelemnul.
  4828 | D:6      | Reached ** piety under Okawaru
  4852 | D:6      | Found a deep blue altar of Sif Muna.
  5370 | D:7      | Reached skill level 7 in Crossbows
  5674 | D:7      | Reached skill level 5 in Fighting
  5700 | D:7      | Reached XP level 9. HP: 51/61 MP: 9/9
  5707 | D:7      | Found a deep blue altar of Sif Muna.
  5757 | D:7      | Reached *** piety under Okawaru
  5808 | D:7      | Noticed Pikel
  5876 | D:7      | Killed Pikel
  6261 | D:7      | Noticed a manticore
  6271 | D:7      | Reached skill level 8 in Crossbows
  6275 | D:7      | Mangled by a manticore

Skill      XL: |  1  2  3  4  5  6  7  8  9 |
---------------+----------------------------+-----
Fighting       | 2 3 4 5 |  5.8
Stealth        | 2 3 4 6 7 |  7.2
Dodging        | 3 4 6 |  6.9
Crossbows      | 5 6 7 8 |  8.0

Action                   |  1- 3 |  4- 6 |  7- 9 || total
-------------------------+-------+-------+-------++-------
Melee: Short sword       |   103 |    47 |     4 ||   154
 Fire: Hand crossbow     |    19 |    87 |   288 ||   394
Invok: Heroism           |       |       |     1 ||     1
Evoke: Wand              |       |       |     5 ||     5
  Use: Potion            |     2 |     3 |     3 ||     8
       Scroll            |       |       |    12 ||    12
 Stab: Paralysed         |       |       |     4 ||     4
  Eat: Chunk             |       |     5 |     7 ||    12
       Ration            |       |       |     1 ||     1
Armor: Leather armour    |    25 |    14 |    18 ||    57
       Skin              |       |    13 |       ||    13
Dodge: Dodged            |   105 |    72 |    98 ||   275
Block: Other             |       |    17 |    32 ||    49
       Reflection        |       |       |     1 ||     1
